Map: Overgrown Facility

Players

Adversity - Winner!

  • Race: Terran Terran
  • Spawn Location: 3:00

DatumFlux - Winner!

  • Race: Protoss Protoss
  • Spawn Location: 1:00

Orzo

  • Race: Protoss Protoss
  • League: Master
  • Spawn Location: 7:00

Ben

  • Race: Terran Terran
  • Spawn Location: 9:00

VOD

Have the link to the VOD?

Description

Time

  • Played on: Aug. 6, 2018, 10:51 p.m.
  • Length: 7:25
Show
View Real Time Build Order
Export as new Build Order

Adversity Terran - Winner!

Build Orders:  

Get SALT Encoding   

  12  0:00  SCV  
  13  0:13  SCV  
  14  0:18  Supply Depot  
  14  0:27  SCV  
  15  0:30  Refinery  
  15  0:39  SCV  
  16  0:46  Barracks  
  16  0:52  SCV  
  17  1:04  SCV  
  18  1:10  Barracks  
  18  1:16  SCV  
  19  1:28  Barracks  
  19  1:34  Reaper  
  20  1:43  Orbital Command  
  20  1:55  Supply Depot  
  20  2:02  Refinery, Reaper  
  21  2:09  Reaper  
  21  2:12  SCV  
  23  2:16  Reaper  
  23  2:21  Supply Depot  
  24  2:24  SCV  
  25  2:34  Reaper  
  25  2:36  SCV  
  27  2:41  Reaper  
  28  2:48  SCV  
  28  2:50  Reaper  
  30  3:00  SCV  
  31  3:06  Reaper  
  31  3:09  Command Center  
  32  3:14  SCV  
  33  3:21  Reaper  
  33  3:22  Supply Depot  
  34  3:34  Reaper  
  35  3:39  Reaper  
  36  3:41  Engineering Bay  
  36  3:42  SCV  
  37  3:53  Reaper  
  38  3:57  Barracks x2  
  38  4:06  Reaper  
  39  4:11  Reaper  
  37  4:25  Reaper  
  37  4:26  Orbital Command  
  37  4:29  SCV  
  39  4:31  Missile Turret  
  39  4:38  Reaper  
  40  4:39  Missile Turret  
  40  4:41  SCV  
  40  4:44  Reaper  
  42  4:52  Reaper  
  41  4:57  Reaper  
  41  4:59  SCV x2  
  44  5:01  Reaper  
  45  5:08  Command Center  
  44  5:18  Reaper  
  45  5:27  Reaper  
  45  5:28  SCV x2  
  49  5:38  Barracks Tech Lab  
  49  5:40  SCV x2  
  49  5:52  Engineering Bay, SCV x2  
  49  5:53  Supply Depot  
  49  5:54  Factory  
  49  5:55  Barracks Reactor  
  49  5:57  Marine  
  50  5:58  Marine  
  52  6:04  SCV  
  52  6:05  Marine x2  
  52  6:06  SCV  
  52  6:10  Refinery x2  
  55  6:16  SCV  
  56  6:25  SCV  
  57  6:32  Marine x4  
  59  6:33  Marine x2, Orbital Command  
  59  6:36  SCV  
  59  6:39  SCV  
  65  6:42  Supply Depot  
  65  6:50  Marine  
  65  6:51  Marine x2  
  68  6:58  Marine x3  
  71  7:05  Factory Reactor, Starport  
  71  7:09  SCV  
  71  7:10  SCV  
  71  7:13  Supply Depot  
Show
View Real Time Build Order
Export as new Build Order

DatumFlux Protoss - Winner!

Build Orders: Phoenix Opening, Mass Phoenix 

Get SALT Encoding   

  12  0:02  Probe  
  13  0:10  Probe  
  14  0:21  Probe  
  14  0:26  Pylon  
  15  0:31  Assimilator  
  15  0:44  Probe  
  15  0:46  Gateway  
  16  0:50  Assimilator  
  16  0:54  Probe  
  17  1:02  Probe  
  17  1:10  Probe  
  18  1:18  Forge  
  19  1:22  Probe  
  20  1:35  Probe  
  20  1:36  Cybernetics Core  
  21  1:42  Pylon  
  22  1:47  Probe  
  22  2:02  Photon Cannon  
  22  2:14  Stargate  
  22  2:21  Stargate  
  22  2:30  Photon Cannon  
  22  2:35  Zealot  
  24  3:01  Probe  
  24  3:09  Phoenix  
  24  3:18  Phoenix  
  26  3:34  Phoenix  
  28  3:43  Phoenix  
  28  3:47  Pylon  
  30  3:50  Shield Battery  
  30  3:55  Pylon  
  30  3:57  Probe  
  31  4:08  Phoenix  
  33  4:23  Phoenix  
  35  4:38  Phoenix  
  35  4:54  Phoenix  
  37  5:05  Probe  
  38  5:14  Nexus  
  38  5:17  Probe  
  39  5:47  Phoenix  
  39  5:59  Probe, Phoenix  
  42  6:12  Probe, Phoenix  
  45  6:24  Probe  
  46  6:31  Phoenix  
  48  6:36  Probe  
  48  6:37  Phoenix  
  51  6:48  Probe  
  52  7:00  Phoenix  
  52  7:01  Probe x2  
  56  7:05  Assimilator  
  56  7:09  Assimilator  
  56  7:13  Probe, Pylon  
Show
View Real Time Build Order
Export as new Build Order

Orzo Protoss 

Build Orders: Phoenix Opening 

Get SALT Encoding   

  12  0:01  Probe  
  13  0:13  Probe  
  14  0:18  Pylon  
  14  0:25  Probe  
  15  0:33  Probe  
  15  0:40  Gateway  
  15  0:41  Probe  
  16  0:48  Assimilator  
  17  0:51  Probe  
  18  1:00  Assimilator  
  18  1:03  Probe  
  19  1:13  Gateway  
  19  1:16  Probe  
  20  1:28  Probe, Cybernetics Core  
  21  1:40  Probe  
  21  1:41  Pylon  
  22  1:52  Probe  
  23  1:56  Adept x2  
  23  2:07  Warp Gate  
  27  2:10  Stargate  
  27  2:14  Probe  
  28  2:26  Stalker  
  30  2:39  Probe  
  31  3:04  Pylon  
  31  3:21  Shield Battery  
  31  3:22  Probe, Phoenix  
  31  3:24  Pylon  
  34  3:33  Stalker x2  
  36  3:36  Pylon  
  34  3:47  Phoenix  
  36  3:50  Probe  
  37  4:25  Stalker  
  37  4:29  Phoenix  
  41  4:35  Probe  
  41  4:37  Nexus  
  42  4:39  Pylon  
  42  4:41  Stalker  
  42  4:57  Probe  
  43  5:03  Stalker  
  41  5:26  Phoenix  
  41  5:27  Stalker x2  
  41  5:31  Probe  
  38  5:43  Probe  
  39  5:55  Probe, Phoenix  
  42  5:59  Probe  
  42  6:01  Stalker x2  
  45  6:05  Gateway  
  45  6:06  Gateway  
  45  6:11  Shield Battery  
  37  6:27  Stalker  
  37  6:29  Probe  
  18  6:40  Gateway  
  18  6:42  Gateway  
  18  6:46  Probe  
  18  6:47  Probe  
Show
View Real Time Build Order
Export as new Build Order

Ben Terran 

Build Orders: Reaper Expand 

Get SALT Encoding   

  12  0:01  SCV  
  13  0:13  SCV  
  14  0:19  Supply Depot  
  14  0:25  SCV  
  15  0:41  SCV  
  16  0:42  Barracks  
  16  0:46  Refinery  
  16  0:53  SCV  
  17  1:05  SCV  
  18  1:17  SCV  
  19  1:30  Orbital Command  
  19  1:31  Reaper  
  20  1:45  Command Center  
  20  1:55  SCV  
  21  2:03  Marine  
  21  2:07  SCV  
  23  2:09  Supply Depot  
  23  2:15  Factory  
  23  2:27  Barracks Reactor  
  23  2:30  SCV  
  24  2:41  Refinery  
  24  2:43  SCV  
  24  2:55  SCV  
  24  2:56  Barracks  
  25  3:03  Cyclone, Marine  
  25  3:04  Marine  
  30  3:07  SCV  
  30  3:08  Orbital Command  
  31  3:19  SCV  
  32  3:21  Marine x2  
  32  3:25  Starport  
  34  3:31  SCV  
  35  3:35  Engineering Bay  
  35  3:36  SCV  
  36  3:43  SCV  
  36  3:45  Barracks Tech Lab  
  36  3:47  Widow Mine  
  39  3:49  SCV  
  39  3:55  SCV  
  41  3:58  Supply Depot  
  41  4:01  SCV  
  41  4:06  Marine x2  
  41  4:07  SCV  
  40  4:14  Marine  
  36  4:20  Cyclone  
  34  4:24  Marine x2  
  34  4:25  Medivac  
  37  4:31  Marine  
  37  4:33  SCV  
  37  4:35  SCV  
  40  4:42  Marine  
  40  4:45  SCV  
  39  4:47  Marine, SCV  
  39  4:49  Marine  
  37  5:00  Marine  
  37  5:06  SCV x2  
  40  5:17  Missile Turret  
  40  5:18  SCV x2  
  40  5:20  Marine  
  40  5:21  Marine x2  
  41  5:38  Missile Turret, Marine x2  
  41  5:40  Marine  
  35  5:50  Missile Turret  
  35  5:55  Missile Turret  
  35  5:56  Marine x2  
  34  5:58  Marine  
  34  5:59  Cyclone  
  34  6:02  SCV x2  
  40  6:14  Marine x2, SCV x2  
  44  6:20  Marine  
  45  6:26  SCV x2  
  45  6:31  Refinery, Marine, Hellion  
  45  6:32  Refinery, Marine  
  51  6:38  Marine, SCV x2  
  54  6:53  Marine x2  
  52  6:55  Marine  
  50  7:12  Barracks x2  
Tags
 
Add a new tag
Caveats
  • Supply blocks, unpowered buildings, or Contaminate may cause inaccurate times.
  • Supply counts are checked every 10 seconds.